 Dungeon Crawl Stone Soup version 0.22-a0-456-g11ed031 (webtiles) character file.

10859 DrEnzyme the Slicer (level 11, -3/69 HPs)
             Began as an Octopode Wanderer on June 6, 2018.
             Was an Initiate of Gozag.
             Impaled on a porcupine's spines (12 damage)
             ... on level 1 of the Lair of Beasts.
             The game lasted 01:51:28 (21345 turns).

DrEnzyme the Slicer (Octopode Wanderer)            Turns: 21345, Time: 01:51:29

Health: -3/69      AC:  5    Str:  7    XL:     11   Next: 68%
Magic:  15/16      EV: 16    Int: 15    God:    Gozag
Gold:   349        SH:  5    Dex: 17    Spells: 12/15 levels left

rFire    . . .     SeeInvis .   U - +5 long sword "Weamuasun" {flame, +Blink +Inv Str-5 Stlth+}
rCold    . . .     Gourm    .   D - +0 buckler
rNeg     . . .     Faith    .   (helmet restricted)
rPois    +         Spirit   .   (no amulet)
rElec    +         Reflect  .   o - +3 ring of evasion
rCorr    .         Harm     .   C - +1 ring of evasion
MR       +....                  L - +4 ring of protection
Stlth    +++++.....             v - ring of Qutiut {rElec rPois MR+ Dex+3}
HPRegen  0.21/turn              (no ring)
MPRegen  0.15/turn              (no ring)
                                (no ring)
                                (no ring)

@: very slightly contaminated
A: almost no armour, stealthy swim, amphibious, 8 rings, constrict 8, camouflage
1, gelatinous body 1
a: Potion Petition, Call Merchant, Bribe Branch, Renounce Religion, Evoke Blink,
Evoke Invisibility


You were on level 1 of the Lair of Beasts.
You worshipped Gozag.
Gozag was aware of your devotion.
You were hungry.

You visited 3 branches of the dungeon, and saw 13 of its levels.
You also visited: Sewer.

You collected 2236 gold pieces.
You spent 1103 gold pieces at shops.
You paid 784 gold pieces to Gozag.

Inventory:

Hand Weapons
 a - a +2 hunting sling of freezing
 b - a +3 blowgun
 c - a +0 rapier
 d - a +2 arbalest of flaming
 y - the +5 war axe of Nyusociv {drain, rF+ MR+ Str+4}
   (You found it on level 8 of the Dungeon)

   A truly terrible weapon, it drains the life of those it strikes.
   It affects your strength (+4).
   It protects you from fire.
   It affects your resistance to hostile enchantments.
 U - the +5 long sword "Weamuasun" (weapon) {flame, +Blink +Inv Str-5 Stlth+}
   (You took it off an orc wizard on level 10 of the Dungeon)

   It has been specially enchanted to burn those struck by it, causing extra
   injury to most foes and up to half again as much damage against particularly
   susceptible opponents.
   Big, fiery blades are also staple armaments of hydra-hunters.
   It affects your strength (-5).
   It lets you turn invisible.
   It lets you blink.
   It makes you more stealthy.
Missiles
 e - 29 bolts
 p - 11 poisoned needles
 E - 5 needles of confusion
 F - 7 javelins (quivered)
 M - 6 needles of sleeping
 R - 5 curare-tipped needles
 T - 40 sling bullets
Armour
 j - a +0 shield
 D - a +0 buckler (worn)
Magical Staves
 t - an uncursed staff of death {unknown}
Jewellery
 o - a +3 ring of evasion (left tentacle)
 v - the ring of Qutiut (on tentacle) {rElec rPois MR+ Dex+3}
   (You bought it in a shop on level 6 of the Dungeon)

   [ring of poison resistance]

   It affects your dexterity (+3).
   It insulates you from electricity.
   It protects you from poison.
   It affects your resistance to hostile enchantments.
 C - a +1 ring of evasion (right tentacle)
 J - an uncursed amulet of faith
 L - a +4 ring of protection (on tentacle)
 Y - a cursed ring of loudness {unknown}
Wands
 g - a wand of clouds (4)
 B - a wand of paralysis (5)
 N - a wand of disintegration (5)
 P - a wand of polymorph (15)
 W - a wand of enslavement (15)
Scrolls
 i - a scroll of identify
 k - 2 scrolls of summoning {unknown}
 l - a scroll of fear
 n - 2 scrolls of magic mapping
 r - 3 scrolls of amnesia
 s - a scroll of fog
 u - a scroll of noise {unknown}
 w - a scroll of blinking {unknown}
 x - 4 scrolls of remove curse
 H - 2 scrolls of teleportation
 S - 2 scrolls of enchant armour {unknown}
 Z - a scroll of brand weapon {unknown}
Potions
 h - 5 potions of degeneration
 m - a potion of ambrosia
 q - 2 potions of magic
 z - 2 potions of brilliance
 A - 2 potions of flight
 G - a potion of cancellation {unknown}
 I - 3 potions of curing
 K - a potion of resistance {unknown}
 Q - a potion of berserk rage
 V - a potion of mutation {unknown}
 X - a potion of lignification
Miscellaneous
 O - a phantom mirror
Comestibles
 f - 7 rations


   Skills:
 - Level 4.2 Fighting
 - Level 10.2 Short Blades
 + Level 0.1(6.3) Long Blades
 - Level 8.7 Crossbows
 - Level 7.3 Throwing
 + Level 5.8 Stealth
 - Level 4.0 Shields
 - Level 2.7 Spellcasting
   Level 1.0 Necromancy
   Level 3.6 Poison Magic
 + Level 7.0 Evocations


You had 12 spell levels left.
You knew the following spells:

 Your Spells              Type           Power        Failure   Level  Hunger
a - Flame Tongue          Conj/Fire      #....        21%         1    #......
b - Swiftness             Chrm/Air       #.......     30%         2    ##.....

Your spell library contained the following spells:

 Spells                   Type           Power        Failure   Level  Hunger
 Lightning Bolt           Conj/Air       #.........   99%         5    ######.
 Shock                    Conj/Air       #...         21%         1    #......
 Airstrike                Air            #.........   90%         4    #####..
 Ignite Poison            Fire/Tmut/Pois #.......     36%         3    ###....
 Static Discharge         Conj/Air       #.......     52%         3    ###....


Dungeon Overview and Level Annotations

Branches:
Dungeon (11/15)            Temple (1/1) D:5            Lair (1/6) D:10
    Orc (0/2) D:9

Altars:
Ashenzari
Cheibriados
Dithmenos
Elyvilon
Fedhas
Gozag
Hepliaklqana
Kikubaaqudgha
Makhleb
Nemelex Xobeh
Okawaru
Qazlal
Ru
Sif Muna
Trog
Uskayaw
Vehumet
Wu Jian
Xom
Yredelemnul
Zin
The Shining One

Shops:
D:4 !   D:5 :   D:6 =

Annotations:
D:5 exclusion: downstairs
D:6 exclusion: ice beast
D:7 exclusion: two-headed ogre
D:8 exclusions: ice beast, 2 killer bees, two-headed ogre and worker ant, Erica
D:10 2 exclusions, Joseph
D:11 1 exclusion
Lair:1 exclusion: 2 oklob plants


Innate Abilities, Weirdness & Mutations

You cannot wear most types of armour.
You are very stealthy in the water. (Stealth+)
You are amphibious.
You can wear up to eight rings at the same time.
You can use your tentacles to constrict eight enemies at once.
Your skin changes colour to match your surroundings (Stealth+).
Your rubbery body absorbs attacks. (AC +1, EV +1)


Message History

Okay, then.
You blink.
You feel slightly more hungry.
Found 19 stones.
Okay, then.
Okay, then.
You fade into invisibility!
You are very lightly contaminated with residual magic.
You are feeling hungry.
A water moccasin comes into view.
Found a ration.
You flicker for a moment.
A porcupine comes into view.
Found a glowing scythe.
The helpless porcupine fails to defend itself.
You slash the porcupine! You burn the porcupine.
The porcupine is almost dead.
You flicker back into view.
You are struck by the porcupine's spines.
You die...
Your body crumbles into a pile of gold.

.... )... ##
##.....%. .#
#...D...# .##
#........##..
#...(.#.....#
#....## #...#
#.....####r.#
####.......#@##
##P#..........#
##...###########
##.....#
#.#....##
.##...###
......#P#
....<...#
........#


You could see a porcupine.

Vanquished Creatures
  Erolcha (D:10)
  The ghost of thehayman22 the Blocker, a novice MiFi of Dithmenos (D:10)
  2 two-headed ogres
  3 spiny frogs
  A rime drake (Lair:1)
  A komodo dragon (Lair:1)
  Grinder (D:6)
  A hornet (D:7)
  A water elemental (D:11)
  A wraith (D:10)
  A yak (D:9)
  A hungry ghost (D:8)
  2 basilisks (Lair:1)
  A water moccasin (Lair:1)
  4 porcupines
  3 orc warriors
  3 ice beasts
  2 sky beasts
  2 phantoms
  4 ogres
  6 wolves
  9 centaurs
  3 crocodiles
  2 big kobolds
  4 bullfrogs
  A wyvern skeleton (D:9)
  A scorpion (D:9)
  5 killer bees (D:8)
  3 electric eels (D:11)
  3 crimson imps
  2 hounds
  2 quasits
  A bullfrog zombie (D:3)
  6 orc priests
  A jelly (D:8)
  14 orc wizards
  A centaur skeleton (D:9)
  2 iguanas (D:6)
  3 bullfrog skeletons
  8 worker ants
  A hound zombie (D:8)
  A mummy (D:6)
  A hound skeleton (D:7)
  A howler monkey zombie (D:9)
  4 gnolls
  8 adders
  A river rat (Sewer)
  A shadow imp (D:9)
  An ooze (D:1)
  2 adder skeletons
  3 worms
  A dart slug (D:2)
  3 leopard geckos
  33 orcs
  9 ball pythons
  7 giant cockroaches
  6 goblins
  7 hobgoblins
  12 jackals
  5 quokkas
  9 bats
  10 frilled lizards
  A hobgoblin zombie (D:6)
  26 kobolds
  3 orc zombies (D:6)
  29 rats
298 creatures vanquished.

Vanquished Creatures (others)
  9 bushes (D:10)
  6 fungi
  16 plants
31 creatures vanquished.

Grand Total: 329 creatures vanquished

Notes
Turn   | Place    | Note
-------+----------+-------------------------------------------
     0 | D:1      | DrEnzyme the Octopode Wanderer began the quest for the Orb.
     0 | D:1      | DrEnzyme set off with: 2 curare-tipped needles, a +2 blowgun, a +0 hand crossbow, 27 bolts, a ration
     0 | D:1      | Reached XP level 1. HP: 13/13 MP: 2/2
     2 | D:1      | Learned a level 1 spell: Flame Tongue
   208 | D:1      | Reached XP level 2. HP: 17/18 MP: 3/3
   443 | D:1      | Reached XP level 3. HP: 23/23 MP: 4/4
   822 | D:2      | Reached skill level 1 in Stealth
  1101 | D:2      | Reached XP level 4. HP: 28/28 MP: 5/5
  1255 | D:2      | Reached XP level 5. HP: 21/33 MP: 6/6
  1636 | D:2      | Found a faded altar of an unknown god.
  1840 | D:3      | Reached skill level 5 in Crossbows
  2312 | D:2      | Reached XP level 6. HP: 25/38 MP: 7/7
  3102 | D:4      | Found an iron altar of Okawaru.
  3313 | D:4      | Found a snail-covered altar of Cheibriados.
  3313 | D:4      | Noticed a phantom
  3739 | D:4      | Found Biolel's Distillery.
  3739 | D:4      | Noticed an ice beast
  4102 | D:5      | Entered Level 5 of the Dungeon
  4169 | D:5      | Found Koovu's Book Emporium.
  4190 | D:5      | Noticed an orc warrior
  4267 | D:5      | Reached XP level 7. HP: 39/43 MP: 8/8
  4902 | D:5      | Found a staircase to the Ecumenical Temple.
  4944 | Temple   | Entered the Ecumenical Temple
  5062 | Temple   | Became a worshipper of Gozag Ym Sagoz the Greedy
  6016 | D:6      | Found a glowing drain.
  6049 | Sewer    | Entered a sewer
  6595 | Sewer    | Reached XP level 8. HP: 49/50 MP: 9/9
  7692 | D:6      | Noticed Grinder
  7700 | D:6      | Paralysed by Grinder for 7 turns
  7709 | D:6      | Paralysed by Grinder for 3 turns
  7718 | D:6      | Paralysed by Grinder for 4 turns
  8839 | D:7      | Noticed a hornet
  9009 | D:6      | Paralysed by Grinder for 3 turns
  9028 | D:6      | Killed Grinder
  9529 | D:6      | Bought a +1 ring of evasion for 39 gold pieces
 10099 | D:7      | Noticed a two-headed ogre
 10392 | D:7      | Reached XP level 9. HP: 37/58 MP: 10/10
 10407 | D:7      | Reached skill level 1 in Short Blades
 10407 | D:7      | Reached skill level 5 in Throwing
 10915 | D:7      | Killed a hornet
 10915 | D:7      | Reached skill level 2 in Short Blades
 11271 | D:8      | Reached skill level 3 in Short Blades
 11319 | D:8      | Noticed a two-headed ogre
 11392 | D:8      | Killed a two-headed ogre
 11392 | D:8      | Reached skill level 4 in Short Blades
 11440 | D:8      | Found a faded altar of an unknown god.
 11440 | D:8      | Found an ancient bone altar of Kikubaaqudgha.
 11445 | D:8      | Found a shimmering altar of Xom.
 11450 | D:8      | Found a shadowy altar of Dithmenos.
 11453 | D:8      | Found a faded altar of an unknown god.
 11546 | D:8      | Noticed a two-headed ogre
 11609 | D:8      | Got a smoking war axe
 11619 | D:8      | Noticed Erica
 11719 | D:8      | Reached skill level 5 in Short Blades
 12015 | D:8      | Found an ornate altar of the Wu Jian Council.
 12091 | D:8      | Reached XP level 10. HP: 64/64 MP: 11/11
 12381 | D:8      | HP: 2/64 [centaur/rapier (10)]
 12383 | D:8      | Reached skill level 6 in Short Blades
 13548 | D:6      | Bought a +4 ring of protection for 468 gold pieces
 14590 | D:9      | Found a staircase to the Orcish Mines.
 14630 | D:9      | Reached skill level 7 in Short Blades
 14656 | D:9      | Identified the +5 war axe of Nyusociv {drain, rF+ MR+ Str+4} (You found it on level 8 of the Dungeon)
 14843 | D:9      | Found a burning altar of Makhleb.
 14845 | D:9      | Noticed an Executioner
 14849 | D:9      | Noticed a smoke demon
 14936 | D:9      | Found a shadowy altar of Dithmenos.
 15685 | D:9      | Reached skill level 1 in Evocations
 15737 | D:10     | Entered Level 10 of the Dungeon
 16237 | D:10     | Noticed Joseph
 16263 | D:10     | Noticed thehayman22's ghost (novice MiFi)
 16547 | D:10     | Reached skill level 8 in Short Blades
 17591 | D:6      | Bought the ring of Qutiut {rElec rPois MR+ Dex+3} for 596 gold pieces
 17852 | D:10     | Noticed a two-headed ogre
 17875 | D:10     | Killed a two-headed ogre
 17907 | D:10     | Got a polished long sword {flame}
 17922 | D:10     | Identified the +5 long sword "Weamuasun" {flame, +Blink +Inv Str-5 Stlth+} (You took it off an orc wizard on level 10 of the Dungeon)
 17955 | D:10     | Noticed Erolcha
 18009 | D:10     | Killed Erolcha
 18009 | D:10     | Reached skill level 9 in Short Blades
 18009 | D:10     | Reached skill level 5 in Evocations
 18009 | D:10     | Reached XP level 11. HP: 32/69 MP: 13/15
 18240 | D:10     | Found a staircase to the Lair.
 18262 | Lair:1   | Entered Level 1 of the Lair of Beasts
 18636 | D:10     | Killed thehayman22's ghost
 19815 | Lair:1   | Learned a level 2 spell: Swiftness
 20198 | Lair:1   | Reached skill level 10 in Short Blades
 20234 | Lair:1   | Reached skill level 5 in Stealth
 20304 | Lair:1   | Noticed an oklob plant
 20638 | Lair:1   | Noticed an oklob plant
 20716 | Lair:1   | Noticed an eight-headed hydra
 21345 | Lair:1   | Impaled on a porcupine's spines

Vault maps used:
D:1:      sevenhm_arrival_forest_fort_small_3
D:2:      chequers_ecumenical_altar_twisty
D:4:      overflow_temple_1_default, old_standard_altar, serial_shops,
          nicolae_shop_waterfront
D:5:      minmay_temple_entry_junction, serial_shops, shop, first_ration,
          minmay_bent
D:6:      cheibrodos_sewer_entry_drain, minmay_mini_ossuary, uniq_grinder
D:8:      chequers_temple_overflow_minitemple, kennysheep_little_box,
          the_bakery, uniq_erica
D:9:      makhleb_altar_promises_db, orc_0_dummy, minmay_tree_intersection,
          grunt_dithmenos_shadows
D:10:     minmay_lair_entry_grove, uniq_erolcha, uniq_joseph
D:11:     kennysheep_boxes
Temple:   regret_index_temple_waves
Lair:1:   beast_lair_carwin_4, minmay_lair_oklob_chamber
Sewer:    sewer_minmay_treatment

Skill      XL: |  1  2  3  4  5  6  7  8  9 10 11 |
---------------+----------------------------------+-----
Crossbows      | 3 4 5 6 7 8 |  8.7
Stealth        | 1 2 3 4 5 |  5.8
Throwing       | 2 3 4 6 7 |  7.3
Fighting       | 3 4 |  4.2
Short Blades   | 5 9 10 | 10.2
Shields        | 3 4 |  4.0
Evocations     | 5 7 |  7.0
Spellcasting   | 2 |  2.7
Long Blades    | |  0.1
Necromancy     | |  1.0
Poison Magic   | |  3.6

Action                   |  1- 3 |  4- 6 |  7- 9 | 10-12 || total
-------------------------+-------+-------+-------+-------++-------
Melee: Dagger            |       |    60 |   320 |    19 ||   399
       Tentacles         |       |    17 |    66 |    97 ||   180
       Constrict         |       |    13 |    58 |    47 ||   118
       Rapier            |       |       |       |   404 ||   404
       Long sword        |       |       |       |    31 ||    31
 Fire: Hand crossbow     |    76 |    62 |    21 |       ||   159
       Blowgun           |    11 |    14 |   111 |    60 ||   196
       Hunting sling     |       |       |       |    14 ||    14
       Arbalest          |       |       |       |     2 ||     2
Throw: Javelin           |       |     6 |    28 |    13 ||    47
Invok: Potion Petition   |       |       |     1 |       ||     1
       Call Merchant     |       |       |     1 |       ||     1
 Abil: Evoke Blink       |       |       |       |     1 ||     1
       Evoke Invisibilit |       |       |       |     1 ||     1
Evoke: Wand              |       |       |     6 |     9 ||    15
  Use: Scroll            |       |     4 |    10 |     8 ||    22
       Potion            |       |     3 |    14 |     5 ||    22
 Stab: Sleeping          |       |       |    11 |    15 ||    26
       Invisible         |       |       |     1 |       ||     1
       Paralysed         |       |       |     2 |     4 ||     6
       Distracted        |       |       |       |     2 ||     2
  Eat: Ration            |       |     2 |     8 |     8 ||    18
       Chunk             |       |     3 |     3 |       ||     6
Armor: Skin              |     1 |     7 |    15 |    41 ||    64
Dodge: Dodged            |     6 |    53 |   279 |   205 ||   543
Block: Buckler           |       |       |       |    61 ||    61
       Rpst.: Long sword |       |       |       |     1 ||     1

Table legend:
 A = Spawn XP
 B = Non-spawn XP
 C = Spawn XP percentage of total XP
 D = Spawn monster count
 E = Non-spawn monster count
 F = Spawn count percentage of total count
 G = Total turns spent on level
                    A         B        C        D         E        F      G
               +---------+---------+-------+---------+---------+-------+---------
         Total |       0 |   15513 |   0.0 |       0 |     298 |   0.0 | 21345
               +---------+---------+-------+---------+---------+-------+---------
           D:1 |       0 |      47 |   0.0 |       0 |      27 |   0.0 |   831
           D:2 |       0 |     224 |   0.0 |       0 |      28 |   0.0 |  1270
           D:3 |       0 |     162 |   0.0 |       0 |      21 |   0.0 |  1059
           D:4 |       0 |     346 |   0.0 |       0 |      12 |   0.0 |  1714
           D:5 |       0 |     781 |   0.0 |       0 |      26 |   0.0 |  1870
           D:6 |       0 |     899 |   0.0 |       0 |      17 |   0.0 |  2360
           D:7 |       0 |     865 |   0.0 |       0 |      17 |   0.0 |  2750
           D:8 |       0 |    2242 |   0.0 |       0 |      18 |   0.0 |  1696
           D:9 |       0 |    1305 |   0.0 |       0 |      27 |   0.0 |  1800
          D:10 |       0 |    5133 |   0.0 |       0 |      33 |   0.0 |  2710
          D:11 |       0 |     571 |   0.0 |       0 |      11 |   0.0 |   881
        Lair:1 |       0 |    2836 |   0.0 |       0 |      13 |   0.0 |  1324
         Sewer |       0 |     102 |   0.0 |       0 |      48 |   0.0 |   946
               +---------+---------+-------+---------+---------+-------+---------
